Map: Ruins of Seras

Players

SticklerMac - Winner!

  • Race: Zerg Zerg

Pietrux

  • Race: Terran Terran
  • League: Bronze

VOD

Have the link to the VOD?

Description

Time

  • Played on: Aug. 6, 2015, 6:24 p.m.
  • Length: 4:55
Show
View Real Time Build Order
Export as new Build Order

SticklerMac Zerg - Winner!

Build Orders: Hatch First, Zergling Baneling 

Get SALT Encoding   

  12  0:01  Drone  
  13  0:08  Drone  
  14  0:17  Overlord  
  14  0:35  Drone x3  
  17  0:55  Hatchery  
  16  0:58  Drone  
  16  1:01  Drone  
  18  1:10  Drone  
  19  1:19  Spawning Pool  
  19  1:22  Drone  
  19  1:29  Extractor  
  19  1:30  Drone  
  19  1:40  Overlord  
  19  1:59  Drone  
  20  2:02  Drone  
  20  2:08  Queen  
  23  2:09  Queen  
  23  2:10  Drone  
  23  2:12  Drone  
  27  2:18  Drone  
  28  2:25  Baneling Nest  
  28  2:27  Overlord  
  27  2:30  Zergling x2  
  28  2:41  Overlord x2  
  28  2:50  Zergling x2  
  28  2:51  Zergling x2  
  30  2:55  Zergling x2  
  31  3:02  Zergling x2  
  32  3:06  Metabolic Boost  
  32  3:08  Drone  
  33  3:13  Drone  
  33  3:18  Zergling x2  
  33  3:19  Zergling x8  
  39  3:21  Zergling x2  
  39  3:24  Zergling x2  
  39  3:26  Zergling x2  
  42  3:30  Zergling x2  
  42  3:31  Zergling x2  
  44  3:35  Zergling x2  
  44  3:37  Zergling x2  
  46  3:44  Zergling x2  
  47  3:50  Zergling x4  
  47  3:51  Zergling x6  
  52  4:02  Overlord x2  
  52  4:05  Baneling  
  52  4:06  Baneling x2  
  52  4:07  Baneling  
  52  4:08  Baneling  
  52  4:09  Baneling  
  52  4:10  Baneling  
  52  4:12  Baneling  
  52  4:19  Baneling  
  52  4:21  Zergling x6  
  55  4:27  Zergling x4  
Show
View Real Time Build Order
Export as new Build Order

Pietrux Terran 

Build Orders:  

Get SALT Encoding   

  12  0:01  SCV  
  13  0:13  SCV  
  14  0:23  Supply Depot  
  14  0:26  SCV  
  15  0:44  SCV  
  15  0:47  Barracks  
  16  0:51  Refinery  
  16  0:56  SCV  
  17  1:08  SCV  
  18  1:17  Supply Depot  
  18  1:21  SCV  
  19  1:33  SCV  
  20  1:41  Barracks  
  20  1:43  Marine  
  20  1:45  Orbital Command  
  21  1:48  Bunker  
  21  2:02  Marine  
  21  2:07  Factory  
  22  2:25  Marine  
  22  2:26  SCV  
  24  2:31  Supply Depot  
  24  2:47  Command Center  
  24  2:51  Marine x2  
  25  2:52  SCV  
  25  2:54  Factory Reactor  
  27  3:06  SCV  
  27  3:08  Marine  
  27  3:09  Marine  
  27  3:10  Refinery  
  30  3:25  SCV  
  31  3:27  Starport  
  31  3:30  Hellion  
  31  3:31  Hellion, Marine x2  
  37  3:36  Supply Depot  
  37  3:38  SCV  
  38  3:49  Marine  
  39  3:56  Supply Depot  
  39  3:57  Marine  
  39  3:58  SCV  
  41  4:02  Orbital Command  
  41  4:07  Marine  
  41  4:08  Hellion  
  44  4:13  SCV  
  44  4:14  Starport Reactor  
  45  4:18  Marine  
  46  4:24  Marine  
  46  4:25  SCV  
  46  4:27  Supply Depot  
  48  4:32  SCV  
Tags
 
Add a new tag
Caveats
  • Supply blocks, unpowered buildings, or Contaminate may cause inaccurate times.
  • Supply counts are checked every 10 seconds.